 Dungeon Crawl Stone Soup version 0.26-a0-1222-g14533b3512 (webtiles) character file.

Game seed: 8040152199495026359

69964 knot the Severer (level 14, -2/93 HPs)
             Began as a Demonspawn Berserker on Dec 31, 2020.
             Was a High Priest of Trog.
             Slain by a rakshasa
             ... wielding a +0 trident
              (11 damage)
             ... on level 14 of the Dungeon.
             The game lasted 00:53:18 (33639 turns).

knot the Severer (Demonspawn Berserker)            Turns: 33639, Time: 00:53:18

Health: -2/93      AC: 13    Str: 23      XL:     14   Next: 92%
Magic:  0/23       EV: 15    Int: 16      God:    Trog [*****.]
Gold:   1463       SH:  6    Dex: 11 (13) Spells: 13/13 levels left

rFire    + . .     SeeInvis +   C - +4 battleaxe
rCold    + . .     Faith    +   (shield currently unavailable)
rNeg     . . .     Spirit   +   Y - +3 ring mail {rF+}
rPois    .         Reflect  .   (helmet unavailable)
rElec    .         Harm     .   (no cloak)
rCorr    .         Rampage  .   (no gloves)
Will     +....                  E - +0 pair of boots "Aletz" {*Contam MP+9 Str+6}
Stlth    +.........             a - amulet of faith
HPRegen  3.25/turn              q - +4 ring of protection
MPRegen  0.36/turn              V - +4 ring of evasion

@: berserk cooldown, slowed, very slow
A: antennae 3, large bone plates 2, blink, clever 1, cold resistance 1, powered
by death 2, magic shield, magic regeneration
a: Blink, Renounce Religion, Berserk, Trog's Hand, Brothers in Arms


You were on level 14 of the Dungeon.
You worshipped Trog.
Trog was extremely pleased with you.
You visited 3 branches of the dungeon, and saw 21 of its levels.
You also visited: Ice Cave and Volcano.

You collected 1463 gold pieces.

Inventory:

Hand Weapons
 C - a +4 battleaxe (weapon)
 G - a +1 antimagic executioner's axe
 P - the +7 demon blade of Waxukaurch {vamp, Int+6 Dex-3 Stlth+}
   (You found it in an ice cave)

   It inflicts no extra harm, but heals its wielder when it wounds a living foe.
   It affects your intelligence (+6).
   It affects your dexterity (-3).
   It makes you more stealthy.
 Z - a +5 antimagic battleaxe
Missiles
 d - 13 boomerangs of dispersal
 m - 72 poisoned darts
 r - 16 boomerangs (quivered)
 B - 7 silver javelins
 K - 12 curare-tipped darts
 M - 7 javelins
 U - 4 throwing nets
Armour
 E - the +0 pair of boots "Aletz" (worn) {*Contam MP+9 Str+6}
   (You found it in an ice cave)

   It affects your strength (+6).
   It affects your magic capacity (+9).
   It causes magical contamination when unequipped.
 L - a +2 pair of boots
 Y - a +3 ring mail of fire resistance (worn)
Jewellery
 a - an amulet of faith (around neck)
 q - a +4 ring of protection (left hand)
 t - a +4 ring of protection
 v - an uncursed ring of ice
 S - an uncursed ring of resist corrosion
 T - an uncursed ring of protection from fire
 V - a +4 ring of evasion (right hand)
Wands
 g - a wand of disintegration (22)
 n - a wand of iceblast (25)
 p - a wand of random effects (21)
 y - a wand of polymorph (12)
 z - a wand of flame (18)
 N - a wand of acid (23)
Scrolls
 c - 10 scrolls of identify
 e - 6 scrolls of enchant armour
 k - 5 scrolls of remove curse
 s - 2 scrolls of magic mapping
 w - 6 scrolls of teleportation
 x - 2 scrolls of blinking
 F - a scroll of fear
Potions
 b - 2 potions of flight
 f - 14 potions of curing
 h - a potion of haste
 i - 3 potions of might
 j - 2 potions of magic
 l - 4 potions of cancellation
 o - 3 potions of heal wounds
 u - 2 potions of invisibility
 A - 2 potions of berserk rage
 D - 2 potions of degeneration
 H - 2 potions of mutation
 J - 2 potions of lignification
 R - 4 potions of attraction
 X - a potion of resistance
Miscellaneous
 I - a lightning rod (4/4)
 O - a box of beasts


   Skills:
 - Level 3.0 Fighting
 * Level 17.5 Axes
 - Level 15.5 Throwing
 - Level 1.7 Armour
 - Level 1.7 Dodging


You had 13 spell levels left.
You didn't know any spells.
Your spell library contained the following spells:

 Spells                   Type           Power        Failure   Level
 Animate Skeleton         Necr           0%           36%         1
 Corona                   Hex            0%           36%         1
 Magic Dart               Conj           0%           36%         1
 Pain                     Necr           0%           36%         1
 Shock                    Conj/Air       0%           36%         1
 Summon Small Mammal      Summ           0%           36%         1
 Blink                    Tloc           N/A          52%         2
 Call Imp                 Summ           0%           52%         2
 Corpse Rot               Necr/Air       N/A          52%         2
 Ensorcelled Hibernation  Hex/Ice        0%           52%         2
 Slow                     Hex            0%           52%         2
 Swiftness                Air            0%           52%         2
 Call Canine Familiar     Summ           0%           75%         3
 Confusing Touch          Hex            0%           75%         3
 Conjure Flame            Conj/Fire      0%           75%         3
 Dazzling Flash           Conj/Hex       0%           75%         3
 Gell's Gravitas          Tloc           0%           75%         3
 Mephitic Cloud           Conj/Pois/Air  0%           75%         3
 Static Discharge         Conj/Air       0%           75%         3
 Summon Guardian Golem    Hex/Summ       0%           75%         3
 Tukima's Dance           Hex            0%           75%         3
 Vampiric Draining        Necr           0%           75%         3
 Airstrike                Air            0%           98%         4
 Animate Dead             Necr           0%           98%         4
 Cause Fear               Hex            0%           98%         4
 Leda's Liquefaction      Hex/Erth       0%           98%         4
 Petrify                  Tmut/Erth      0%           98%         4
 Summon Ice Beast         Ice/Summ       0%           98%         4
 Summon Lightning Spire   Summ/Air       0%           98%         4
 Agony                    Necr           0%           100%        5
 Bolt of Magma            Conj/Fire/Erth 0%           100%        5
 Borgnjor's Vile Clutch   Necr/Erth      0%           100%        5
 Lightning Bolt           Conj/Air       0%           100%        5
 Metabolic Englaciation   Hex/Ice        0%           100%        5
 Silence                  Hex/Air        0%           100%        5
 Yara's Violent Unravell  Hex/Tmut       0%           100%        5
 Iron Shot                Conj/Erth      0%           100%        6
 Shadow Creatures         Summ           N/A          100%        6
 Statue Form              Tmut/Erth      0%           100%        6
 Discord                  Hex            0%           100%        8
 Shatter                  Erth           0%           100%        9
 Tornado                  Air            0%           100%        9


Dungeon Overview and Level Annotations

Branches:
Dungeon (14/15)            Temple (1/1) D:6            Lair (6/6) D:8
 Shoals (0/4) Lair:2       Spider (0/4) Lair:4        Slime (0/5) Lair:5
    Orc (0/2) D:12         Vaults (0/5) D:13          IceCv (visited)
Volcano (visited)

Altars:
Ashenzari
Cheibriados
Dithmenos
Elyvilon
Fedhas
Gozag
Hepliaklqana
Kikubaaqudgha
Makhleb
Nemelex Xobeh
Okawaru
Qazlal
Ru
Sif Muna
Trog
Uskayaw
Vehumet
Wu Jian
Xom
Yredelemnul
Zin
The Shining One
Beogh
Jiyva

Shops:
D:9 =[!*:   D:10 :


Innate Abilities, Weirdness & Mutations

You have a pair of large antennae on your head. (SInv)
You are mostly covered in large bone plates. (SH +6)
You regenerate health from kills.
When hurt, damage is shared between your health and your magic reserves.
You regenerate magic rapidly.
You can translocate small distances at will.
Your mind is acute. (Int +2)
Your flesh is cold resistant. (rC+)


Message History

The skeletal warrior hits you with a +0 scimitar!
* * * LOW HITPOINT WARNING * * *
You hit the skeletal warrior.
The skeletal warrior is lightly damaged.
You hit the skeletal warrior. You block the rakshasa's attack.
You hit the skeletal warrior.
The skeletal warrior is moderately damaged.
You slice the skeletal warrior!!
You destroy the skeletal warrior!
Trog accepts your kill.
You are no longer berserk.
You are exhausted.
You feel yourself slow down.
You feel your intelligence returning.
You closely miss the skeletal warrior.
The skeletal warrior is moderately damaged.
The skeletal warrior hits you with a +0 scimitar.
* * * LOW HITPOINT WARNING * * *
The rakshasa hits you from afar with a +0 trident!
You die...

### .# #!. .. #.# .#
#.# .# #.# ####.# #.#
#....# #####(###)@#.#
#......(.).z.#
#....≈≈##.R(.#
#..≈##≈≈###(.## .....
#..# ≈#≈≈≈≈...# .....
#.# ≈≈≈≈≈≈##..# ......
#.. ≈#≈≈≈#≈≈#..##
...... #.
#≈≈≈≈≈≈≈≈#.#.####......
# ≈# ≈# ≈#.##..........


You could see a rakshasa and a skeletal warrior.

Vanquished Creatures
  A reaper (IceCv)
  A fire dragon (Lair:6)
  8 hydras
  2 centaur warriors
  A catoblepas (Lair:5)
  A boulder beetle (D:14)
  2 two-headed ogres (D:8)
  A death yak (Lair:5)
  2 skeletal warriors (D:14)
  3 lindwurms
  Pikel (D:9)
  A wolf spider zombie (D:14)
  7 ugly things
  4 cyclopes
  4 centaur zombies
  4 elephants (Lair:4)
  2 ice statues (IceCv)
  4 black mambas
  4 molten gargoyles
  A black mamba (shapeshifter) (D:13)
  13 cane toads
  2 gargoyles
  An efreet (Volcano)
  3 rime drakes
  7 ice devils (IceCv)
  9 komodo dragons
  3 trolls
  A meliai (shapeshifter) (D:14)
  A wind drake (shapeshifter) (D:13)
  5 polar bears
  A hornet (D:12)
  12 slime creatures
  15 blink frogs
  9 dream sheep (Lair:6)
  2 shadows
  A tarantella (shapeshifter) (D:12)
  A meliai zombie (D:13)
  3 wraiths
  21 yaks
  5 wyverns
  3 fire elementals
  8 basilisks
  2 hogs (Lair:4)
  A steam dragon (Lair:6)
  2 vampire mosquitoes
  A warg (D:12)
  An acid dragon (D:13)
  2 soldier ants
  6 hell hounds
  19 water moccasins
  2 sky beasts
  2 phantoms
  9 ice beasts
  11 orc warriors
  5 black bears
  An ogre (shapeshifter) (D:13)
  2 ogres
  4 boggarts (D:14)
  11 centaurs
  A lemure (D:9)
  3 big kobolds
  A gnoll sergeant (D:8)
  18 bullfrogs
  2 scorpions
  A wyvern skeleton (D:9)
  2 electric eels
  3 vampire bats (Lair:4)
  A howler monkey (D:13)
  5 lava snakes (Lair:6)
  5 bullfrog zombies
  4 jellies
  8 orc priests
  6 centaur skeletons
  17 orc wizards
  8 hounds
  7 iguanas
  7 hell rats (Lair:2)
  12 worker ants
  A hound zombie (D:7)
  A worker ant zombie (D:11)
  7 gnolls
  19 adders
  3 shadow imps
  7 white imps
  8 ufetubi
  2 adder zombies
  4 adder skeletons
  The ghost of Forgeling the Sneak, a weakling KoDe (D:4)
  4 dart slugs
  7 leopard geckos
  66 orcs
  A ball python (D:2)
  5 giant cockroaches
  2 goblins
  6 hobgoblins
  6 jackals
  22 kobolds
  9 quokkas
  14 bats
  A frilled lizard (D:3)
  A jackal zombie (D:5)
  A leopard gecko skeleton (D:8)
  A quokka zombie (D:6)
  5 rats
  3 fire vortices (Volcano)
579 creatures vanquished.

Vanquished Creatures (collateral kills)
  Kirke (Lair:4)
  Azrael (D:13)
  2 hydras (Lair:6)
  A death yak (Lair:5)
  A two-headed ogre (D:12)
  Urug (D:13)
  Sonja (Lair:4)
  An orc knight (D:11)
  An ugly thing (D:12)
  A cyclops (D:11)
  2 molten gargoyles (Volcano)
  A torpor snail (Lair:5)
  2 efreet (Volcano)
  A komodo dragon (Lair:6)
  An ice devil (IceCv)
  2 dream sheep (Lair:6)
  A meliai zombie (D:12)
  A blink frog (Lair:4)
  3 wraiths
  4 yaks (Lair:6)
  A wyvern (D:12)
  4 fire elementals
  A hog (Lair:4)
  A vampire mosquito (D:13)
  8 ice beasts (D:12)
  9 orc warriors
  3 earth elementals (Volcano)
  A wyvern skeleton (D:12)
  4 wights (D:11)
  An orc priest (D:11)
  2 orcs (D:11)
64 creatures vanquished.

Vanquished Creatures (others)
  A slime creature (D:13)
  4 yaks (D:11)
  A human (Lair:4)
  A hell hound (Lair:6)
  4 white imps (IceCv)
  3 ufetubi (IceCv)
  A quokka (D:11)
  34 fungi
  45 plants
94 creatures vanquished.

Grand Total: 737 creatures vanquished

Notes
Turn   | Place    | Note
-------+----------+-------------------------------------------
     0 | D:1      | knot the Demonspawn Berserker began the quest for the Orb.
     0 | D:1      | Reached XP level 1. HP: 18/18 MP: 1/1
    77 | D:1      | Reached skill level 3 in Axes
   334 | D:1      | Gained mutation: When hurt, damage is shared between your
                  | health and your magic reserves. [demonic ancestry]
   334 | D:1      | Reached XP level 2. HP: 22/24 MP: 2/2
  1110 | D:2      | Gained mutation: You regenerate a little health from kills.
                  | [demonic ancestry]
  1110 | D:2      | Reached XP level 3. HP: 29/29 MP: 3/3
  1235 | D:2      | Reached skill level 4 in Axes
  1675 | D:2      | Reached ** piety under Trog
  1676 | D:2      | Gained mutation: You have a pair of small antennae on your
                  | head. [demonic ancestry]
  1676 | D:2      | Reached XP level 4. HP: 35/35 MP: 4/4
  1968 | D:2      | Reached skill level 1 in Throwing
  2149 | D:3      | Found an iron altar of Okawaru.
  2407 | D:3      | Reached XP level 5. HP: 41/41 MP: 3/5
  2412 | D:3      | Reached skill level 5 in Axes
  3760 | D:4      | Found a runed translucent door.
  3783 | D:4      | Found an opulent altar of Gozag.
  4125 | D:4      | Found a sacrificial altar of Ru.
  4138 | D:4      | Gained mutation: You have a pair of antennae on your head.
                  | [demonic ancestry]
  4138 | D:4      | Reached XP level 6. HP: 40/47 MP: 3/6
  4139 | D:4      | Reached *** piety under Trog
  4314 | D:4      | Noticed Forgeling's ghost (weakling KoDe)
  4322 | D:4      | Killed Forgeling's ghost
  4372 | D:5      | Entered Level 5 of the Dungeon
  4807 | D:5      | Found a sparkling altar of Nemelex Xobeh.
  5207 | D:6      | Noticed an ice beast
  5218 | D:6      | Killed an ice beast
  5219 | D:6      | Reached skill level 6 in Axes
  5219 | D:6      | Gained mutation: You have a pair of large antennae on your
                  | head. (SInv) [demonic ancestry]
  5219 | D:6      | Reached XP level 7. HP: 52/52 MP: 7/7
  5648 | D:6      | Found a glowing golden altar of the Shining One.
  5648 | D:6      | Found a glowing silver altar of Zin.
  5649 | D:6      | Found a white marble altar of Elyvilon.
  5743 | D:6      | Found a staircase to the Ecumenical Temple.
  5765 | Temple   | Entered the Ecumenical Temple
  6024 | D:6      | Reached skill level 5 in Throwing
  6502 | D:6      | Reached skill level 7 in Axes
  6502 | D:6      | Gained mutation: You are partially covered in large bone
                  | plates. (SH +4) [demonic ancestry]
  6502 | D:6      | Reached XP level 8. HP: 58/58 MP: 8/8
  6620 | D:6      | Reached **** piety under Trog
  7877 | D:7      | Reached skill level 8 in Axes
  8668 | D:8      | Reached ***** piety under Trog
  8692 | D:8      | Reached XP level 9. HP: 24/63 MP: 2/9
  9053 | D:8      | Found a staircase to the Lair.
  9062 | Lair:1   | Entered Level 1 of the Lair of Beasts
  9709 | D:8      | Noticed a two-headed ogre
  9715 | D:8      | Reached skill level 9 in Axes
  9722 | D:8      | Killed a two-headed ogre
 10011 | D:8      | Noticed a two-headed ogre
 10031 | D:8      | Killed a two-headed ogre
 10616 | D:9      | Found a broken altar of Ashenzari.
 10691 | D:9      | Found a blossoming altar of Fedhas.
 10764 | D:9      | Reached skill level 10 in Axes
 11217 | D:9      | Found Ilofireu's Book Boutique.
 11241 | D:9      | Found Riasuizo's General Store.
 11247 | D:9      | Found Kohykyck's Distillery.
 11262 | D:9      | Gained mutation: You regenerate health from kills. [demonic
                  | ancestry]
 11262 | D:9      | Reached XP level 10. HP: 70/70 MP: 8/10
 11526 | D:9      | Noticed Pikel
 11537 | D:9      | Killed Pikel
 11592 | D:9      | Found Butargh's Armour Boutique.
 11912 | D:9      | Found Inuuzu's Jewellery Boutique.
 12091 | D:9      | Found an ornate altar of the Wu Jian Council.
 12370 | D:10     | Entered Level 10 of the Dungeon
 12885 | D:10     | Found Xilaorro's Book Emporium.
 13845 | D:11     | Noticed a cyclops
 13852 | D:11     | Killed a cyclops
 13853 | D:11     | Reached skill level 10 in Throwing
 14101 | D:11     | Noticed a gargoyle
 14106 | D:11     | Killed a gargoyle
 14107 | D:11     | Reached skill level 11 in Axes
 14372 | D:11     | Found a roughly hewn altar of Beogh.
 14372 | D:11     | Noticed an orc knight
 14378 | D:11     | Killed an orc knight
 14592 | D:11     | Received a gift from Trog
 14593 | D:11     | Reached XP level 11. HP: 75/75 MP: 9/11
 15097 | D:11     | Found a white marble altar of Elyvilon.
 15308 | D:12     | Noticed an unseen horror
 15313 | D:12     | an unseen horror changed into a salamander
 15328 | D:12     | Found a burning altar of Makhleb.
 15341 | D:12     | Found a frozen archway.
 15364 | IceCv    | Entered an ice cave
 15906 | IceCv    | Gained mutation: Your mind is acute. (Int +2) [potion of
                  | mutation]
 15906 | IceCv    | Gained mutation: You can translocate small distances at
                  | will. [potion of mutation]
 15906 | IceCv    | Gained mutation: Your flesh is cold resistant. (rC+)
                  | [potion of mutation]
 15915 | IceCv    | Reached skill level 12 in Axes
 16089 | IceCv    | Got a pair of ichor-stained boots
 16100 | IceCv    | Identified the cursed +0 pair of boots "Aletz" {*Contam
                  | MP+9 Str+6} (You found it in an ice cave)
 16668 | IceCv    | Noticed a reaper
 16678 | IceCv    | Killed a reaper
 16783 | IceCv    | Got a glimmering demon blade
 16802 | IceCv    | Identified the +7 demon blade of Waxukaurch {vamp, Int+6
                  | Dex-3 Stlth+} (You found it in an ice cave)
 17551 | D:12     | Found a staircase to the Orcish Mines.
 17970 | D:12     | Paralysed by a hornet for 2 turns
 17976 | D:12     | Noticed a two-headed ogre
 17981 | D:12     | Killed a two-headed ogre
 18009 | D:12     | Noticed a white ugly thing
 18017 | D:12     | Killed a white ugly thing
 18196 | D:12     | Gained mutation: You are mostly covered in large bone
                  | plates. (SH +6) [demonic ancestry]
 18196 | D:12     | Reached XP level 12. HP: 81/81 MP: 12/12
 18322 | D:12     | Reached skill level 13 in Axes
 19193 | Lair:1   | Noticed a seven-headed hydra
 19198 | Lair:1   | Killed a seven-headed hydra
 19488 | Lair:1   | Noticed an eight-headed hydra
 19498 | Lair:1   | Killed an eight-headed hydra
 19620 | Lair:1   | Noticed an eight-headed hydra
 19632 | Lair:1   | Killed an eight-headed hydra
 20004 | Lair:2   | Found a shimmering altar of Xom.
 21452 | Lair:2   | Found a staircase to the Shoals.
 21861 | Lair:3   | Reached skill level 14 in Axes
 22010 | Lair:3   | Noticed a five-headed hydra
 22014 | Lair:3   | Killed a five-headed hydra
 22079 | Lair:3   | Noticed a six-headed hydra
 22097 | Lair:3   | Killed a six-headed hydra
 22277 | Lair:3   | Noticed a seven-headed hydra
 22290 | Lair:3   | Killed a seven-headed hydra
 22476 | Lair:3   | Got a thick robe
 22487 | Lair:3   | Identified the cursed +1 robe "Bouriv" {+Fly Int+2} (You
                  | found it on level 3 of the Lair of Beasts)
 22922 | Lair:4   | Reached XP level 13. HP: 86/86 MP: 13/13
 23003 | Lair:4   | Found a dark tunnel.
 23009 | Volcano  | Entered a volcano
 23914 | Lair:4   | Noticed Sonja
 23920 | Lair:4   | Killed Sonja
 24011 | Lair:4   | Noticed Kirke
 24019 | Lair:4   | Killed Kirke
 24165 | Lair:4   | Found a hole to the Spider Nest.
 24275 | Lair:4   | Reached skill level 15 in Axes
 24785 | Lair:4   | Received a gift from Trog
 25206 | Lair:5   | Found a viscous altar of Jiyva.
 25206 | Lair:5   | Found a staircase to the Slime Pits.
 27286 | Lair:6   | Entered Level 6 of the Lair of Beasts
 27395 | Lair:6   | Reached skill level 15 in Throwing
 27705 | Lair:6   | Gained mutation: You regenerate magic rapidly. [demonic
                  | ancestry]
 27705 | Lair:6   | Reached XP level 14. HP: 77/93 MP: 14/14
 29753 | Lair:6   | HP: 4/93 [eight-headed hydra (3)]
 29765 | Lair:6   | Reached skill level 16 in Axes
 30261 | Lair:6   | Found a large runed translucent door.
 30262 | Lair:6   | Found a large runed translucent door.
 30541 | Lair:6   | Identified the Tome of Supportive Weightlessness
 31087 | D:13     | Noticed Azrael
 31223 | D:13     | Killed Azrael
 31278 | D:13     | Found a gate to the Vaults.
 31714 | D:13     | Noticed Urug
 31721 | D:13     | Killed Urug
 32839 | D:14     | Reached skill level 17 in Axes
 33639 | D:14     | Slain by a rakshasa

Illustrated notes

Levels and vault maps discovered:
D:1:      ncdulo_smallfort, layout_basic, minmay_misc_feat_chi,
          due_unseen_surprise
D:2:      layout_rooms
D:3:      layout_loops_corners, okawaru_gym_becter
D:4:      layout_basic, nicolae_ru_great_annihilating_truth,
          grunt_gozag_breadcrumbs, ebering_ghost_reflecting_pool,
          hangedman_abyss_or_decor_jellyfish_corner
D:5:      layout_basic, nemelex_altar_shiori
D:6:      layout_gridville, good_gods_temple_1, minmay_temple_entry_trees
D:7:      layout_gridville
D:8:      layout_cave_pods, lair_entry_dummy
D:9:      layout_layer_cave, lemuel_doored_altar, minitemple, serial_shops,
          shop, nicolae_shop_crystal, shop_statue, nicolae_shop_behind_doors,
          nicolae_shop_temple_entry_statues_fountains, uniq_pikel
D:10:     layout_stronghold, serial_shops, nicolae_shop_statue_plus
D:11:     layout_roguey [special_room_orc], elyvilon_altar_4
D:12:     layout_irregular_city, david_orc_3, portal_ice_cave_entry_ice_beasts,
          basic_altar, st_stairs_1
D:13:     layout_cave_pods, david_vaults_2, uniq_urug, uniq_azrael
D:14:     layout_loops_cross, minivault_4, drop_trap
Temple:   oiseaux_autumnal_temple
Lair:1:   layout_roguey, serial_bayou_pond_e
Lair:2:   layout_loops_ring, elwin_shoals_entry_rooms, basic_altar,
          chequers_serial_rivers_marsh, nicolae_quartered_pool_medium
Lair:3:   layout_regular_city, grunt_forest_stairs_basic, serial_bayou_shore_a
Lair:4:   layout_cave_pods, spider_nest_entry_web_field,
          nicolae_volcano_entry_s_turn, roderic_batcave, grunt_megastairs_5,
          uniq_sonja, uniq_kirke
Lair:5:   layout_layer_cave, slime_altar_1
Lair:6:   cheibrodos_lair_end_hotspot, layout_layer_cave, serial_bayou_shore_b

Skill      XL: |  1  2  3  4  5  6  7  8  9 10 11 12 13 14 |
---------------+-------------------------------------------+-----
Axes           | 3 4 5 6 7 8 10 11 12 14 15 17 | 17.5
Throwing       | 2 4 5 7 9 10 12 13 15 | 15.5
Fighting       | |  3.0
Armour         | |  1.7
Dodging        | |  1.7

Action                   |  1- 3 |  4- 6 |  7- 9 | 10-12 | 13-15 || total
-------------------------+-------+-------+-------+-------+-------++-------
Melee: Hand axe          |    78 |     7 |       |       |       ||    85
       War axe           |       |    90 |       |       |       ||    90
       Battleaxe         |       |    60 |   309 |   562 |   758 ||  1689
Throw: Dart              |    18 |    45 |    26 |     6 |     3 ||    98
       Boomerang         |       |       |       |   147 |   121 ||   268
Invok: Berserk           |     3 |     5 |     5 |    17 |     9 ||    39
       Trog's Hand       |       |     1 |       |       |     4 ||     5
       Brothers in Arms  |       |       |     1 |    11 |    16 ||    28
 Abil: Blink             |       |       |       |     9 |     2 ||    11
Evoke: Wand              |       |       |    12 |    26 |     7 ||    45
       Box of beasts     |       |       |       |     1 |       ||     1
  Use: Scroll            |       |    13 |       |    12 |    15 ||    40
       Potion            |       |       |       |     6 |     3 ||     9
 Stab: Sleeping          |       |     3 |       |       |       ||     3
       Invisible         |       |       |       |     1 |       ||     1
       Held in net/web   |       |       |       |       |     2 ||     2
       Distracted        |       |       |       |       |     1 ||     1
Armor: Animal skin       |    14 |     9 |       |       |       ||    23
       Leather armour    |       |    17 |       |       |       ||    17
       Ring mail         |       |    15 |   111 |   192 |   239 ||   557
Dodge: Dodged            |    65 |   102 |   209 |   302 |   486 ||  1164
Block: Other             |       |       |    47 |   125 |   241 ||   413

Table legend: (Time is in decaauts)
 A = Elapsed time spent in this place.
 B = Non-inter-level travel time spent in this place.
 C = Inter-level travel time spent in this place.
 D = Time resting spent in this place.
 E = Time spent auto-exploring this place.
 F = Levels seen in this place.
 G = Mean time per level.
                   A        B        C        D        E       F      G
               +--------+--------+--------+--------+--------+-----+--------+
         Total |  34045 |  33172 |    873 |  11839 |  16746 |  23 | 1480.2 |
       Dungeon |  19572 |  18898 |    674 |   5597 |  10600 |  14 | 1398.0 |
        Temple |    247 |    237 |     10 |      0 |    236 |   1 |  247.0 |
          Lair |  11432 |  11245 |    187 |   4249 |   5665 |   6 | 1905.3 |
      Ice Cave |   2217 |   2217 |      0 |   1703 |    185 |   1 | 2217.0 |
       Volcano |    576 |    576 |      0 |    290 |     59 |   1 |  576.0 |
               +--------+--------+--------+--------+--------+-----+--------+

Top non-repeatable levels by time:
  Lair:6: 3377 daAuts
  Lair:5: 2398 daAuts
   IceCv: 2217 daAuts
    D:11: 2126 daAuts
     D:8: 1922 daAuts
  Lair:2: 1827 daAuts
     D:9: 1802 daAuts
    D:12: 1615 daAuts
     D:7: 1610 daAuts
     D:6: 1548 daAuts
  Lair:4: 1470 daAuts
     D:3: 1329 daAuts
    D:13: 1300 daAuts
    D:10: 1266 daAuts
     D:1: 1258 daAuts
